 Dungeon Crawl Stone Soup version 0.29-a0-575-g0dc89cf053 (webtiles) character file.

Game seed: 2380876143403682107

1416 KristoblXynda the Skirmisher (level 8, -7/70 HPs)
             Began as a Green Draconian Gladiator on June 13, 2022.
             Mangled by an ogre
             ... wielding a +0 giant spiked club
              (19 damage)
             ... on level 6 of the Dungeon.
             The game lasted 00:08:44 (6052 turns).

KristoblXynda the Skirmisher (DrGl)                 Turns: 6052, Time: 00:08:44

Health: -7/70      AC: 12    Str: 16    XL:     8   Next: 43%
Magic:  8/8        EV: 14    Int:  8    God:
Gold:   246        SH:  5    Dex: 16    Spells: 7/7 levels left

rFire   + . .      SeeInvis .   a - +0 long sword
rCold   . . .      Faith    .   (no shield)
rNeg    . . .      Spirit   .   (body armour unavailable)
rPois   +          Reflect  +   b - +1 hat
rElec   .          Harm     .   (no cloak)
rCorr   .          Rampage  .   x - +0 pair of gloves
Will    .....                   (no boots)
Stlth   +.........              j - amulet of reflection
HPRegen 0.21/turn               s - +4 ring of protection
MPRegen 0.11/turn               t - ring of protection from fire

@: short of breath
A: breathe noxious fumes, AC +6, unfitting armour, poison resistance,
cold-blooded
a: Breathe Noxious Fumes


You were on level 6 of the Dungeon.
You visited 1 branch of the dungeon, and saw 6 of its levels.

You collected 246 gold pieces.

Inventory:

Hand Weapons
 a - a +0 long sword (weapon)
Missiles
 c - 3 throwing nets (quivered)
Armour
 b - a +1 hat (worn)
 p - a scarf of shadows
 x - a +0 pair of gloves (worn)
Jewellery
 j - an amulet of reflection (around neck)
 n - a ring of fire
 s - a +4 ring of protection (left hand)
 t - a ring of protection from fire (right hand)
Wands
 q - a wand of mindburst (5)
Scrolls
 d - a scroll of amnesia {unknown}
 e - 3 scrolls of teleportation
 f - a scroll of enchant armour
 i - a scroll of blinking {unknown}
 m - 2 scrolls of magic mapping {unknown}
 o - a scroll of identify
 r - 3 scrolls of poison
 v - a scroll of enchant weapon {unknown}
 w - a scroll of noise {unknown}
 z - a scroll of fog {unknown}
Potions
 g - a potion of haste
 k - a potion of degeneration {unknown}
 l - a potion of brilliance {unknown}
 u - a potion of attraction {unknown}
 A - a potion of mutation


   Skills:
 + Level 6.1 Fighting
 + Level 5.9 Long Blades
 + Level 5.0 Throwing
 + Level 5.4 Dodging
 - Level 0.4 Evocations


You had 7 spell levels left.
You didn't know any spells.
Your spell library was empty.

Dungeon Overview and Level Annotations

Branches:
Dungeon (6/15)
 Temple: D:4-7

Altars:
Sif Muna

Shops:
D:1 =   D:3 (


Innate Abilities, Weirdness & Mutations

You can breathe blasts of noxious fumes.
Your lurid green scales are hard. (AC +6)
You cannot fit into any form of body armour.
Your system is resistant to poisons. (rPois)
You are cold-blooded and may be slowed by cold attacks.


Message History

The orc priest is engulfed in noxious fumes.
The orc priest appears confused.
The orc priest is engulfed in noxious fumes.
The orc priest appears confused.
You block the orc priest's attack.
You hit the orc priest. You tail-slap the orc priest.
The orc priest is severely wounded.
The orc priest is engulfed in noxious fumes.
The orc priest appears confused.
The orc priest hits the orc but does no damage.
The ogre is engulfed in noxious fumes.
The orc priest is engulfed in noxious fumes.
The orc priest appears confused.
You barely miss the ogre.
The ogre is heavily wounded.
The ogre hits you with a +0 giant spiked club!!
The orc priest is engulfed in noxious fumes.
The orc priest appears confused.
The orc priest completely misses the orc priest.
The orc priest hits the orc with a +0 short sword.
You hit the ogre.
The ogre is severely wounded.
The orc priest is engulfed in noxious fumes.
The orc priest appears confused.
The orc priest barely misses the orc.
You block the ogre's attack.
You completely miss the ogre.
Your tail-slap misses the ogre.
The ogre is severely wounded.
The orc priest hits the ogre with a +0 dagger.
You barely miss the ogre.
You tail-slap the ogre, but do no damage.
The ogre is almost dead.
You block the orc's attack.
The ogre hits you with a +0 giant spiked club!!
* * * LOW HITPOINT WARNING * * *
The orc priest hits the orc priest but does no damage.
The orc closely misses you.
The orc priest closely misses the ogre.
The orc priest invokes the aid of Beogh against you.
Pain shoots through your body!
* * * LOW HITPOINT WARNING * * *
The ogre hits you with a +0 giant spiked club!!
You die...

..... #..
##(.... #..
##.#..... #...
#........ #...
#.<......
##....#o.......
#...#.#o..o....
......Oo#
......o@#
........#
........#
........#
###.##.## #. #.
# #? ##


You could see an ogre, 3 orc priests and an orc.

Vanquished Creatures
  Menkaure (D:5)
  A black bear (D:4)
  3 ogres
  A centaur (D:5)
  2 phantoms
  Blork the orc (D:5)
  A scorpion (D:5)
  2 necrophages (D:5)
  A wight (D:4)
  2 orc priests
  A hound (D:5)
  An iguana (D:5)
  11 gnolls (D:4)
  9 adders
  2 white imps (D:5)
  5 worms
  11 orcs
  8 endoplasms
  5 giant cockroaches
  3 hobgoblins (D:2)
  5 quokkas
  12 ball pythons
  6 bats
  6 frilled lizards
  7 goblins
  9 kobolds
  3 rats
119 creatures vanquished.

Vanquished Creatures (others)
  2 plants (D:3)
2 creatures vanquished.

Grand Total: 121 creatures vanquished

Notes
Turn   | Place    | Note
-------+----------+-------------------------------------------
     0 | D:1      | KristoblXynda the Draconian Gladiator began the quest for
                  | the Orb.
     0 | D:1      | Reached XP level 1. HP: 17/17 MP: 1/1
   145 | D:1      | Found Onut Zos's Jewellery Boutique.
   252 | D:1      | Reached XP level 2. HP: 22/25 MP: 2/2
   484 | D:1      | Found a faded altar of an unknown god.
   897 | D:2      | Reached XP level 3. HP: 23/30 MP: 3/3
  2213 | D:3      | Reached skill level 3 in Fighting
  2213 | D:3      | Reached XP level 4. HP: 28/38 MP: 4/4
  2951 | D:3      | Found Fonaowue's Weapon Shoppe.
  3018 | D:3      | Reached XP level 5. HP: 43/45 MP: 5/5
  3744 | D:4      | Noticed an ogre
  3749 | D:4      | Killed an ogre
  3750 | D:4      | Reached skill level 4 in Fighting
  3750 | D:4      | Reached XP level 6. HP: 52/52 MP: 6/6
  3871 | D:4      | Identified the +8 whip of Extermination {venom, *Rage
                  | Str+5}
  4247 | D:4      | Your scales start taking on a lurid green colour.
  4247 | D:4      | Reached XP level 7. HP: 45/60 MP: 7/7
  4247 | D:4      | Gained mutation: Your system is resistant to poisons.
                  | (rPois) [Green Draconian growth]
  4739 | D:5      | Entered Level 5 of the Dungeon
  4863 | D:5      | Reached skill level 5 in Fighting
  4863 | D:5      | Reached skill level 5 in Long Blades
  5212 | D:5      | Reached skill level 5 in Dodging
  5212 | D:5      | Reached XP level 8. HP: 57/69 MP: 8/8
  5496 | D:5      | Identified the +7 war axe of Tumult {spect, Fly rPois MP+9
                  | Str-4}
  5508 | D:5      | Noticed Menkaure
  5526 | D:5      | Killed Menkaure
  5813 | D:5      | Reached skill level 6 in Fighting
  5830 | D:5      | Reached skill level 5 in Throwing
  5992 | D:5      | Noticed Blork the orc
  6002 | D:5      | Killed Blork the orc
  6004 | D:5      | Found a shimmering blue altar of Sif Muna.
  6052 | D:6      | Mangled by an ogre

Illustrated notes

Levels and vault maps discovered:
D:1:      dpeg_arrival_orchard, layout_loops_ring, serial_shops,
          nicolae_shop_advertising_works [nicolae_subvault_shop_adworks],
          hellmonk_ecumenical_altar_arch_garden, st_stairs_2
D:2:      layout_loops_cross
D:3:      minmay_chambers_of_threes, layout_basic, serial_shops,
          nicolae_shop_trees, minmay_shallow_snake_nest
D:4:      kennysheep_big_flooded_room, layout_rooms, serial_glass,
          glass_columns_a, glass_columns_a, glass_columns_a, glass_columns_a,
          glass_columns_a, glass_columns_b, glass_columns_a, glass_columns_b
D:5:      layout_basic, tgw_sif, minmay_misc_feat_iff, minmay_statues_item,
          uniq_menkaure
D:6:      layout_basic, minmay_temple_entry_statues_fountains, uniq_grinder

Skill      XL: |  1  2  3  4  5  6  7  8 |
---------------+-------------------------+-----
Throwing       | 2 3 4 5 |  5.0
Dodging        | 3 4 5 |  5.4
Fighting       | 3 4 5 6 |  6.1
Long Blades    | 4 5 |  5.9
Evocations     | |  0.4

Action                   |  1- 3 |  4- 6 |  7- 9 || total
-------------------------+-------+-------+-------++-------
Melee: Long sword        |   124 |   158 |   120 ||   402
       Tailslap          |     8 |    17 |    23 ||    48
       Punch             |       |     2 |     1 ||     3
Throw: Javelin           |     1 |     6 |     3 ||    10
       Throwing net      |       |     1 |     1 ||     2
 Abil: Breathe Noxious F |       |       |     5 ||     5
Evoke: Wand              |       |       |     3 ||     3
  Use: Scroll            |       |     4 |     2 ||     6
       Potion            |       |       |     2 ||     2
 Stab: Sleeping          |     4 |     1 |     1 ||     6
       Confused          |       |       |     2 ||     2
Armor: Skin              |    33 |    55 |    36 ||   124
Dodge: Dodged            |    86 |   127 |    90 ||   303
Block: Other             |    18 |    45 |    29 ||    92

Table legend: (Time is in decaauts)
 A = Elapsed time spent in this place.
 B = Non-inter-level travel time spent in this place.
 C = Inter-level travel time spent in this place.
 D = Time resting spent in this place.
 E = Time spent auto-exploring this place.
 F = Levels seen in this place.
 G = Mean time per level.
                   A        B        C        D        E       F      G
               +--------+--------+--------+--------+--------+-----+--------+
         Total |   6144 |   5892 |    252 |   1897 |   2800 |   6 | 1024.0 |
       Dungeon |   6144 |   5892 |    252 |   1897 |   2800 |   6 | 1024.0 |
               +--------+--------+--------+--------+--------+-----+--------+

Top non-repeatable levels by time:
     D:2: 1677 daAuts
     D:5: 1312 daAuts
     D:4: 1290 daAuts
     D:3: 1020 daAuts
     D:1: 830 daAuts
     D:6: 13 daAuts
